 Dungeon Crawl Stone Soup version 0.29-a0-581-ge9a90b782e (webtiles) character file.

Game seed: 5688250674958476212

68 Nedwor the Skirmisher (level 4, -1/37 HPs)
             Began as a Merfolk Fighter on June 14, 2022.
             Slain by a gnoll
             ... wielding a +0 whip
              (3 damage)
             ... on level 3 of the Dungeon.
             The game lasted 00:02:22 (1820 turns).

Nedwor the Skirmisher (Merfolk Fighter)             Turns: 1820, Time: 00:02:22

Health: -1/37      AC:  6    Str: 16    XL:     4   Next: 19%
Magic:  4/4        EV:  8    Int:  7    God:
Gold:   31         SH:  5    Dex: 15    Spells: 3/3 levels left

rFire   . . .      SeeInvis .   a - +0 long sword
rCold   . . .      Faith    .   c - +0 buckler
rNeg    . . .      Spirit   .   b - +0 scale mail
rPois   .          Reflect  .   (no helmet)
rElec   .          Harm     .   (no cloak)
rCorr   .          Rampage  .   (no gloves)
Will    .....                   (no boots)
Stlth   ..........              (no amulet)
HPRegen 0.12/turn               (no ring)
MPRegen 0.09/turn               (no ring)

@: no status effects
A: (nimble swimmer 2), mertail
a: no special abilities


You were on level 3 of the Dungeon.
You visited 1 branch of the dungeon, and saw 4 of its levels.

You collected 31 gold pieces.

Inventory:

Hand Weapons
 a - a +0 long sword (weapon)
Armour
 b - a +0 scale mail (worn)
 c - a +0 buckler (worn)
Jewellery
 o - a ring of fire
 q - an amulet of guardian spirit
Scrolls
 e - 3 scrolls of identify {unknown}
 f - 2 scrolls of magic mapping {unknown}
 g - a scroll of amnesia {unknown}
 h - a scroll of enchant armour {unknown}
 j - a scroll of acquirement {unknown}
 k - 2 scrolls of torment {unknown}
 l - a scroll of silence {unknown}
 m - a scroll of enchant weapon {unknown}
 p - a scroll of vulnerability {unknown}
Potions
 d - 4 potions of might
 i - 2 potions of magic {unknown}
 n - a potion of curing {unknown}


   Skills:
 + Level 3.8 Fighting
 * Level 3.8 Long Blades
 + Level 2.5 Armour
 + Level 3.4 Shields


You had 3 spell levels left.
You didn't know any spells.
Your spell library contained the following spells:

 Spells                   Type           Power      Damage    Failure   Level
 Sandblast                Erth           0%         2d4       91%         1
 Passwall                 Tmut/Erth      0%         N/A       97%         2
 Stone Arrow              Conj/Erth      0%         3d7       100%        3


Dungeon Overview and Level Annotations

Branches:
Dungeon (4/15)
 Temple: D:4-7

Altars:


Innate Abilities, Weirdness & Mutations

((You are very nimble when in or above water. (Stealth+, EV+, Speed+++)))
Your lower body shifts to a powerful aquatic tail in water.


Message History

You slash the worm!
The worm is severely wounded.
The worm bites you but does no damage.
You slash the worm!
You kill the worm!
You have reached level 4!
A gnoll is nearby!
A gnoll is nearby!
A gnoll is nearby!
The gnoll shouts!
You hear a shout!
You see here a worm corpse.
You hit the gnoll.
The gnoll is lightly wounded.
The gnoll hits you but does no damage.
You hit the gnoll.
The gnoll is moderately wounded.
The gnoll hits you but does no damage.
You slash the gnoll!
The gnoll is severely wounded.
The gnoll hits you with a +0 flail. The gnoll hits you with a +0 whip.
A gnoll comes into view. It is wielding a +0 flail.
The gnoll shouts!
You slash the gnoll!
The gnoll is almost dead.
The gnoll barely misses you. You block the gnoll's attack.
You hit the gnoll but do no damage.
The gnoll is almost dead.
The gnoll hits you but does no damage. The gnoll closely misses you.
You hit the gnoll.
You kill the gnoll!
The gnoll hits you with a +0 whip. The gnoll hits you with a +0 whip.
* * * LOW HITPOINT WARNING * * *
Things that are here:
a +0 flail; 12 gold pieces The gnoll hits you with a +0 flail!
* * * LOW HITPOINT WARNING * * *
You barely miss the gnoll. The gnoll hits you but does no damage.
You block the gnoll's attack. The gnoll hits you with a +0 whip.
You die...

# .#. # ##$... #.# #
#.. ## #..#.# ..# #
#..##.##..#.####.### #
#.........#.##..... ##
#.........#.##.#.# .#
...............#..#
.##.#.........#.##.#.#
............†..g@g...#
..#
#.........#.####.#####
..# #.........#.#
#.....#
..###.........#.#
#####.#
..g...........#.# #.#
..#.##..........#
#.###
....#############
#...###.# ..#.#
#.......# #.# #
#...#####


You could see 2 gnolls.

Vanquished Creatures
  An adder (D:2)
  A gnoll (D:3)
  2 worms
  A dart slug (D:1)
  2 orcs (D:3)
  5 bats
  4 endoplasms
  4 giant cockroaches
  2 goblins (D:1)
  2 hobgoblins
  3 quokkas
  2 ball pythons
  3 frilled lizards
  3 kobolds
  6 rats
41 creatures vanquished.

Notes
Turn   | Place    | Note
-------+----------+-------------------------------------------
     0 | D:1      | Nedwor the Merfolk Fighter began the quest for the Orb.
     0 | D:1      | Reached XP level 1. HP: 18/18 MP: 1/1
   373 | D:1      | Reached XP level 2. HP: 24/24 MP: 2/2
  1120 | D:2      | Reached XP level 3. HP: 28/29 MP: 3/3
  1755 | D:3      | You fall into a shaft and drop 1 floor!
  1797 | D:3      | Reached XP level 4. HP: 21/37 MP: 4/4
  1820 | D:3      | Slain by a gnoll

Illustrated notes

Levels and vault maps discovered:
D:1:      minmay_arrival_three_doors, layout_basic
D:2:      layout_rooms, serial_bayou_crossing
D:3:      layout_loops_ring, shapermc_ecumenical_altar_totnotflames,
          wander_ebering_terrifying_dragon_lair
D:4:      layout_rooms, nicolae_hepliaklqana_hazy_memory

Skill      XL: |  1  2 |
---------------+-------+-----
Long Blades    | 3 |  3.8
Fighting       | |  3.8
Armour         | |  2.5
Shields        | |  3.4

Action                   |  1- 3 |  4- 6 || total
-------------------------+-------+-------++-------
Melee: Long sword        |   144 |     7 ||   151
Armor: Scale mail        |    77 |     4 ||    81
Dodge: Dodged            |    60 |     2 ||    62
Block: Buckler           |    34 |     2 ||    36

Table legend: (Time is in decaauts)
 A = Elapsed time spent in this place.
 B = Non-inter-level travel time spent in this place.
 C = Inter-level travel time spent in this place.
 D = Time resting spent in this place.
 E = Time spent auto-exploring this place.
 F = Levels seen in this place.
 G = Mean time per level.
                   A        B        C        D        E       F      G
               +--------+--------+--------+--------+--------+-----+--------+
         Total |   1851 |   1812 |     39 |    204 |   1251 |   4 |  462.8 |
       Dungeon |   1851 |   1812 |     39 |    204 |   1251 |   4 |  462.8 |
               +--------+--------+--------+--------+--------+-----+--------+

Top non-repeatable levels by time:
     D:1: 1065 daAuts
     D:2: 643 daAuts
     D:3: 130 daAuts
     D:4: 12 daAuts
